 Dungeon Crawl Stone Soup version 0.29-a0-892-g2c4c91d9db (webtiles) character file.

Game seed: 17411779051355860942

24 zeratav the Stinger (level 3, 0/21 HPs)
             Began as an Octopode Venom Mage on July 22, 2022.
             Slain by a goblin
             ... wielding a +0 club
              (5 damage)
             ... on level 1 of the Dungeon.
             The game lasted 00:00:36 (1001 turns).

zeratav the Stinger (Octopode Venom Mage)           Turns: 1001, Time: 00:00:36

Health: 0/21       AC:  1    Str:  7    XL:     3   Next: 2%
Magic:  0/6        EV: 13    Int: 19    God:
Gold:   33         SH:  0    Dex: 12    Spells: 5/6 levels left

rFire   . . .      SeeInvis .   e - +0 dagger (venom) {short}
rCold   . . .      Faith    .   (no shield)
rNeg    . . .      Spirit   .   (helmet restricted)
rPois   .          Reflect  .   (no amulet)
rElec   .          Harm     .   (no ring)
rCorr   .          Rampage  .   (no ring)
Will    .....                   (no ring)
Stlth   +++.......              (no ring)
HPRegen 0.07/turn               (no ring)
MPRegen 0.10/turn               (no ring)
                                (no ring)
                                (no ring)

@: very slightly contaminated
A: almost no armour, amphibious, 8 rings, camouflage 1, gelatinous body 1,
(nimble swimmer 1), tentacles
a: no special abilities


You were on level 1 of the Dungeon.
You visited 1 branch of the dungeon, and saw 1 of its levels.

You collected 33 gold pieces.


Innate Abilities, Weirdness & Mutations

You cannot wear most types of armour.
You are amphibious.
You can wear up to eight rings at the same time.
Your skin changes colour to match your surroundings (Stealth+).
Your rubbery body absorbs attacks. (AC +1, EV +1)
((You are camouflaged when in or above water. (Stealth+)))
You have tentacles for arms and can constrict up to eight enemies at once.


   Skills:
 - Level 2.0 Dodging
 + Level 3.9 Stealth
 - Level 2.0 Spellcasting
 - Level 1.0 Transmutations
 + Level 4.3 Poison Magic


You had 5 spell levels left.
You knew the following spells:

 Your Spells              Type           Power      Damage    Failure   Level
a - Sting                 Tmut/Pois      48%        1d5       5%          1

Your spell library contained the following spells:

 Spells                   Type           Power      Damage    Failure   Level
 Poisonous Vapours        Pois/Air       20%        N/A       11%         2
 Mephitic Cloud           Conj/Pois/Air  7%         N/A       28%         3
 Olgreb's Toxic Radiance  Pois           18%        N/A       28%         4

Inventory:

Hand Weapons
 e - a +0 dagger of venom (weapon) {short}
   (You found it on level 1 of the Dungeon)
Scrolls
 c - a scroll of identify {unknown}
 d - a scroll of fear {unknown}
Potions
 a - a potion of magic
 b - a potion of curing {unknown}

Dungeon Overview and Level Annotations

Branches:
Dungeon (1/15) Zot: 4996

Altars:

...# ...# #.##+##
...#######......
.........#......
.........#.....$
.........#...... #
##.......#...... .###
#.......#......######....
#..##'#.#.##..g@.........
##.##.#.#.#######...####
#.##.#.#.# #...'....#
#..#.#.#.# ##.##....#
##.#.#†#.# #.##....#
#...#..># #.##....#
##....†#####.##....#
#....#......##....#
##.###.#######....########


You could see a goblin.


Message History

You kill the dart slug!
The goblin shouts!
You closely miss the goblin. Your grab misses the goblin.
The goblin misses you.
You hit the goblin.
You kill the goblin!
A goblin comes into view. It is wielding a +0 club.
A goblin is nearby!
The goblin shouts!
You hear a shout!
A frilled lizard comes into view.
A goblin comes into view. It is wielding a +0 club.
The goblin hits you with a +0 club.
HP[-2]
You take 2 damage, and now have 15/17 hp.
You barely miss the goblin. Your grab misses the goblin.
The goblin hits you with a +0 club.
HP[-3]
You take 3 damage, and now have 12/17 hp.
You closely miss the goblin. You grab the goblin. You constrict the goblin.
The goblin hits you with a +0 club.
* * * LOW HITPOINT WARNING * * *
HP[-4]
You take 4 damage, and now have 8/17 hp.
MASSIVE DAMAGE!! (PAUSE)
You are too injured to fight recklessly!
You are too injured to fight recklessly!
You are too injured to fight recklessly!
You are too injured to fight recklessly!
You are too injured to fight recklessly!
You are too injured to fight recklessly!
You are too injured to fight recklessly!
You are too injured to fight recklessly!
You are too injured to fight recklessly!
Casting: Sting (safe; 7% risk of failure)
Confirm with . or Enter, or press ? or * to list all spells.
Aiming: Sting (safe; 7% risk of failure)
Press: ? - help, Shift-Dir - straight line, f - goblin
Aim: a goblin, wielding a +0 club (moderately wounded, constricted by you, 98% to hit)
The sting hits the goblin.
The goblin is poisoned.
You kill the goblin!
You have reached level 3!
Your experience leads to an increase in your attributes!
Increase (S)trength, (I)ntelligence, or (D)exterity?
You feel clever. x2
HP[+2] MP[-1]
You now have 21 max hp (+4).
You regained 2 hp, and now have 10/21 hp.
Casting: Sting (safe; 5% risk of failure)
Confirm with . or Enter, or press ? or * to list all spells.
Aiming: Sting (safe; 5% risk of failure)
Press: ? - help, Shift-Dir - straight line, f - frilled lizard
Aim: a frilled lizard (53% to hit)
You miscast Sting.
You are very lightly contaminated with residual magic.
Nothing appears to happen.
The frilled lizard bites you.
* * * LOW HITPOINT WARNING * * *
HP[-3] MP[-1]
You take 3 damage, and now have 7/21 hp.
You lost 1 mp, and now have 3/6 mp.
Casting: Sting (safe; 5% risk of failure)
Confirm with . or Enter, or press ? or * to list all spells.
Aiming: Sting (safe; 5% risk of failure)
Press: ? - help, Shift-Dir - straight line, f/p - frilled lizard
Aim: a frilled lizard (53% to hit)
The sting misses the frilled lizard.
The frilled lizard completely misses you.
MP[-1]
You lost 1 mp, and now have 2/6 mp.
Casting: Sting (safe; 5% risk of failure)
Confirm with . or Enter, or press ? or * to list all spells.
Aiming: Sting (safe; 5% risk of failure)
Press: ? - help, Shift-Dir - straight line, f/p - frilled lizard
Aim: a frilled lizard (53% to hit)
The sting misses the frilled lizard.
The goblin closely misses you. The frilled lizard bites you.
* * * LOW HITPOINT WARNING * * *
HP[-2] MP[-1]
You take 2 damage, and now have 5/21 hp.
You lost 1 mp, and now have 1/6 mp.
Casting: Sting (safe; 5% risk of failure)
Confirm with . or Enter, or press ? or * to list all spells.
Aiming: Sting (safe; 5% risk of failure)
Press: ? - help, Shift-Dir - straight line, f/p - frilled lizard
Aim: a frilled lizard (53% to hit)
The sting hits the frilled lizard.
The frilled lizard is poisoned.
You kill the frilled lizard!
The goblin barely misses you.
MP[-1]
You lost 1 mp, and now have 0/6 mp.
Casting: Sting (safe; 5% risk of failure)
Confirm with . or Enter, or press ? or * to list all spells.
You don't have enough magic to cast this spell.
You are too injured to fight recklessly!
You are too injured to fight recklessly!
You are too injured to fight recklessly!
A goblin is nearby!
A goblin is nearby!
You barely miss the goblin. You grab the goblin. You constrict the goblin.
The goblin hits you with a +0 club.
You die...

Skill      XL: |  1 |
---------------+----+-----
Stealth        | 3 |  3.9
Poison Magic   | 4 |  4.3
Dodging        | |  2.0
Spellcasting   | |  2.0
Transmutations | |  1.0

Action                   || total
-------------------------++-------
Melee: Rapier            ||    15
       Constrict         ||    10
       Tentacles         ||     1
       Dagger            ||    13
 Cast: Sting             ||     6
 Stab: Sleeping          ||     3
Armor: Skin              ||     2
Dodge: Dodged            ||    24

Levels and vault maps discovered:
D:1:      minmay_arrival_arboretum_small, layout_basic,
          ebering_ecumenical_altar_box

Notes
Turn   | Place    | Note
-------+----------+-------------------------------------------
     0 | D:1      | zeratav the Octopode Venom Mage began the quest for the
                  | Orb.
     0 | D:1      | Reached XP level 1. HP: 11/11 MP: 3/3
     0 | D:1      | magus.rc [v1.9.6]
   225 | D:1      | Reached skill level 3 in Stealth
   407 | D:1      | Reached skill level 4 in Poison Magic
   407 | D:1      | Reached XP level 2. HP: 12/17 MP: 5/5
   997 | D:1      | Reached XP level 3. HP: 10/21 MP: 4/6
   999 | D:1      | HP: 5/21 [frilled lizard (2)]
  1001 | D:1      | Slain by a goblin

Vanquished Creatures
  3 dart slugs (D:1)
  2 bats (D:1)
  A giant cockroach (D:1)
  2 goblins (D:1)
  3 hobgoblins (D:1)
  2 quokkas (D:1)
  A ball python (D:1)
  2 frilled lizards (D:1)
16 creatures vanquished.

Table legend:
 A = Non-vault XP
 B = Vault XP
 C = Vault XP percentage of total XP
 D = Non-vault monster count
 E = Vault monster count
 F = Vault count percentage of total count
                 A         B        C        D         E       F
            +---------+---------+-------+---------+---------+-------
      Total |      35 |       0 |   0.0 |      16 |       0 |   0.0
            +---------+---------+-------+---------+---------+-------
        D:1 |      35 |       0 |   0.0 |      16 |       0 |   0.0
            +---------+---------+-------+---------+---------+-------

Illustrated notes

Table legend:
 A = Kills in this place as a percentage of kills in entire the game.
 B = Kills by you in this place as a percentage of kills by you in the entire game.
 C = Kills by friends in this place as a percentage of kills by friends in the entire game.
 D = Other kills in this place as a percentage of other kills in the entire game.
 E = Experience gained in this place as a percentage of experience gained in the entire game.
 F = Experience gained in this place divided by the number of levels of this place that you have seen.
                   A       B       C       D       E      F
               +-------+-------+-------+-------+-------+----------------------
         Total | 100.0 | 100.0 |   N/A |   N/A | 100.0 |  35.0
       Dungeon | 100.0 | 100.0 |   N/A |   N/A | 100.0 |  35.0
               +-------+-------+-------+-------+-------+----------------------

Table legend: (Time is in decaauts)
 A = Elapsed time spent in this place.
 B = Non-inter-level travel time spent in this place.
 C = Inter-level travel time spent in this place.
 D = Time resting spent in this place.
 E = Time spent auto-exploring this place.
 F = Levels seen in this place.
 G = Mean time per level.
                   A        B        C        D        E       F      G
               +--------+--------+--------+--------+--------+-----+--------+
         Total |   1003 |   1003 |      0 |      0 |    903 |   1 | 1003.0 |
       Dungeon |   1003 |   1003 |      0 |      0 |    903 |   1 | 1003.0 |
               +--------+--------+--------+--------+--------+-----+--------+

Top non-repeatable levels by time:
     D:1: 1003 daAuts
